 Dungeon Crawl Stone Soup version 0.24-a0-698-g60d090ba07 (webtiles) character file.

4 ControlBlue the Gusty (level 1, -2/11 HPs)
             Began as a High Elf Air Elementalist on Aug 9, 2015.
             Slain by a hobgoblin
             ... wielding a +0 club
              (3 damage)
             ... on level 1 of the Dungeon on Mar 1, 2020.
             The game lasted 00:05:13 (192 turns).

ControlBlue the Gusty (High Elf Air Elementalist)    Turns: 192, Time: 00:05:20

Health: -2/11      AC:  2    Str:  7    XL:     1   Next: 58%
Magic:  0/4        EV: 13    Int: 18    God:
Gold:   39         SH:  0    Dex: 15    Spells: 3/4 levels left

rFire    . . .     SeeInvis .   e - +0 club
rCold    . . .     Gourm    .   (no shield)
rNeg     . . .     Faith    .   a - +0 robe
rPois    .         Spirit   .   (no helmet)
rElec    .         Reflect  .   (no cloak)
rCorr    .         Harm     .   (no gloves)
MR       .....                  (no boots)
Stlth    ++........             (no amulet)
HPRegen  0.03/turn              (no ring)
MPRegen  0.09/turn              (no ring)

@: very slightly contaminated
A: no striking features
a: no special abilities


You were on level 1 of the Dungeon.
You were not hungry.

You visited 1 branch of the dungeon, and saw 1 of its levels.

You collected 39 gold pieces.

Inventory:

Hand Weapons
 e - a +0 club (weapon)
 f - a +0 club
 i - a +0 short sword
Missiles
 d - 17 stones (quivered)
 g - 13 poisoned arrows
Armour
 a - a +0 robe (worn)
 j - a cursed +0 leather armour
Potions
 h - a potion of lignification {unknown}
Comestibles
 c - a ration
 k - 3 chunks of flesh


   Skills:
 + Level 2.5 Dodging
 + Level 2.3 Stealth
 + Level 2.4 Spellcasting
 + Level 1.1 Conjurations
 + Level 3.7 Air Magic


You had 3 spell levels left.
You knew the following spells:

 Your Spells              Type           Power        Failure   Level  Hunger
a - Shock                 Conj/Air       ##..         6%          1    #......

Your spell library contained the following spells:

 Spells                   Type           Power        Failure   Level  Hunger
 Swiftness                Chrm/Air       #.......     12%         2    ##.....
 Static Discharge         Conj/Air       ##......     19%         3    ###....
 Airstrike                Air            ###.......   36%         4    #####..
 Lightning Bolt           Conj/Air       ##........   87%         5    ######.


Dungeon Overview and Level Annotations

Branches:
Dungeon (1/15)

Altars:


Message History

The hobgoblin is heavily wounded.
The hobgoblin misses you.
You hit the hobgoblin but do no damage.
The hobgoblin is moderately wounded.
The hobgoblin barely misses you.
You hit the hobgoblin but do no damage.
The hobgoblin is moderately wounded.
The hobgoblin hits you but does no damage.
The hobgoblin misses you. The hobgoblin hits you with a +0 club.
You hit the hobgoblin.
The hobgoblin is severely wounded.
The hobgoblin misses you. x2
You closely miss the hobgoblin.
The hobgoblin is severely wounded.
The hobgoblin hits you with a +0 club.
Ouch! That really hurt!
* * * LOW HITPOINT WARNING * * *
The hobgoblin hits you but does no damage.
The hobgoblin hits you with a +0 club.
You die...

#.........#.#.#
#####..#####.#.#.#
..........>..#.#.#
######.###.###^#.# ##
#......%...#.#
.####..........#.#######
....###.##.##..........#
... #..#.##....).....#
.# #.....'..g@......# .#
##.#.##..g..(...%# .#
......'..........# .#
...#...##..........#
.#.....##..##..........#
.....# #..##..........#
....# ?...#.....≈≈≈..#
.#### ....#####.≈?≈..#
## .≈≈≈..#


You could see 2 hobgoblins.

Vanquished Creatures
  A hobgoblin (D:1)
  A kobold (D:1)
  A frilled lizard (D:1)
  2 rats (D:1)
5 creatures vanquished.

Notes
Turn   | Place    | Note
-------+----------+-------------------------------------------
     0 | D:1      | ControlBlue the High Elf Air Elementalist began the quest
                  | for the Orb.
     0 | D:1      | Reached XP level 1. HP: 11/11 MP: 4/4
   192 | D:1      | Slain by a hobgoblin

Levels and vault maps discovered:
D:1:      dpeg_arrival_arbitrary_c, corexii_item_surrounded_by_moat

Action                   || total
-------------------------++-------
Melee: Club              ||     5
       Club              ||     5
 Cast: Shock             ||    11
Dodge: Dodged            ||     5

Table legend:
 A = Non-vault XP
 B = Vault XP
 C = Vault XP percentage of total XP
 D = Non-vault monster count
 E = Vault monster count
 F = Vault count percentage of total count
                 A         B        C        D         E       F
            +---------+---------+-------+---------+---------+-------
      Total |       0 |       0 |   N/A |       0 |       0 |  -nan
            +---------+---------+-------+---------+---------+-------
            +---------+---------+-------+---------+---------+-------
